 Dungeon Crawl Stone Soup version 0.18.1-5-g4a78601 (webtiles) character file.

84 oplop the Chiller (level 4, -1/30 HPs)
             Began as a Merfolk Ice Elementalist on May 10, 2016.
             Slain by a gnoll (6 damage)
             ... on level 3 of the Dungeon.
             The game lasted 00:03:29 (1947 turns).

oplop the Chiller (Merfolk Ice Elementalist)        Turns: 1947, Time: 00:03:29

Health: -1/30      AC:  2    Str:  8    XL:     4   Next: 45%
Magic:  0/8        EV: 14    Int: 15    God:
Gold:   132        SH:  0    Dex: 14    Spells: 1 memorised, 7 levels left

rFire  . . .     SeeInvis .     (no weapon)
rCold  . . .     Gourm    .     a - +0 robe
rNeg   . . .     Faith    .     (no shield)
rPois  .         Spirit   .     (no helmet)
rElec  .         Dismiss  .     (no cloak)
rCorr  .         Reflect  .     (no gloves)
SustAt .         Harm     .     (no boots)
MR     .....                    (no amulet)
Stlth  ++........               (no ring)
                                (no ring)

@: not resistant to hostile enchantments, unstealthy
A: change form in water, swift swim
a: no special abilities


You were on level 3 of the Dungeon.
You were not hungry.

You visited 1 branch of the dungeon, and saw 3 of its levels.

You collected 132 gold pieces.

Inventory:

Missiles
 n - 2 throwing nets (quivered)
Armour
 a - a +0 robe (worn)
Scrolls
 e - a scroll of teleportation {unknown}
 g - a scroll of noise {unknown}
 k - 3 scrolls of identify {unknown}
 m - a scroll of enchant armour {unknown}
Potions
 f - a potion of mutation {unknown}
 i - 2 potions of curing {unknown}
 j - a potion of magic {unknown}
 l - a potion of flight {unknown}
Books
 b - a book of Frost

   Spells                             Type                      Level
   a - Freeze                         Ice                          1
   b - Throw Frost                    Conjuration/Ice              2
   c - Ozocubu's Armour               Charms/Ice                   3
   d - Throw Icicle                   Conjuration/Ice              4
   e - Summon Ice Beast               Ice/Summoning                4
Comestibles
 c - 3 bread rations
 d - a beef jerky
 h - a meat ration


   Skills:
 + Level 3.9 Dodging
 - Level 2.1 Stealth
 + Level 2.9 Spellcasting
   Level 0.7 Conjurations
 + Level 4.2 Ice Magic


You had 7 spell levels left.
You knew the following spells:

 Your Spells              Type           Power        Failure   Level  Hunger
a - Freeze                Ice            ###.         3%          1    #......


Dungeon Overview and Level Annotations

Branches:
Dungeon (3/15)

Altars:
Cheibriados
Gozag
Nemelex Xobeh
Okawaru
Qazlal


Message History

Your magical contamination has completely faded away.
Casting: Freeze
Confirm with . or Enter, or press ? or * to list all spells.
Aiming: Freeze
Press: ? - help, Shift-Dir - straight line, f - gnoll
Aim: a gnoll You freeze the gnoll.
The gnoll is lightly wounded.
The gnoll closely misses you. The gnoll hits you.
* * * LOW HITPOINT WARNING * * *
Casting: Freeze
Confirm with . or Enter, or press ? or * to list all spells.
Aiming: Freeze
Press: ? - help, Shift-Dir - straight line, f/p - gnoll
Aim: a gnoll (lightly wounded)
You freeze the gnoll.
The gnoll is moderately wounded.
The gnoll hits you.
You die...

#...........# #.......>#
###.##.#.##.##########.#
#(..........# ##.##
####.##.....# #...#
##.##.....# #..##
#...#.....# #.##
#.###......# #.# #..
#.###### #)#
#..###@####### #.#
#.#...g......# #g#
......#.#####.### #.#
.#.##.#.......#.####.#
#.........##........#
####.#.##.##.#.######
...#.##......# ###
#>......### #.......#


You could see a gnoll.

Vanquished Creatures
  2 gnolls (D:3)
  2 adders
  2 dart slugs (D:1)
  2 giant geckos (D:1)
  7 bats
  4 giant cockroaches
  5 goblins
  4 hobgoblins
  A quokka (D:2)
  4 giant newts
  4 kobolds
  7 rats
44 creatures vanquished.

Notes
Turn   | Place    | Note
--------------------------------------------------------------
     0 | D:1      | oplop the Merfolk Ice Elementalist began the quest for the Orb.
     0 | D:1      | Reached XP level 1. HP: 13/13 MP: 3/3
   168 | D:1      | Reached XP level 2. HP: 15/19 MP: 0/5
   787 | D:1      | Reached XP level 3. HP: 24/24 MP: 3/6
  1153 | D:2      | Reached skill level 4 in Ice Magic
  1268 | D:2      | Found an opulent altar of Gozag.
  1370 | D:2      | Found an iron altar of Okawaru.
  1370 | D:2      | Found a sparkling altar of Nemelex Xobeh.
  1611 | D:2      | Found a stormy altar of Qazlal.
  1851 | D:3      | Reached XP level 4. HP: 25/30 MP: 1/8
  1904 | D:3      | Found a snail-covered altar of Cheibriados.
  1947 | D:3      | Slain by a gnoll

Skill      XL: |  1  2  3 |
---------------+----------+-----
Dodging        | 3 |  3.9
Ice Magic      | 4 |  4.2
Stealth        | |  2.1
Spellcasting   | |  2.9
Conjurations   | |  0.7

Action                   |  1- 3 |  4- 6 || total
-------------------------+-------+-------++-------
Melee: Unarmed           |    32 |       ||    32
 Cast: Freeze            |    63 |    11 ||    74
 Stab: Sleeping          |     4 |       ||     4
  Eat: Chunk             |     3 |     1 ||     4
Armor: Robe              |    20 |       ||    20
Dodge: Dodged            |    56 |     7 ||    63
